cohdb
Replays
Latest Replays
All Replays
Popular Replays
Top Player Replays
Match Explorer
How It Works
Community
CoH3 Stats
Reddit
Sign in to upload your games and track your stats! →
Sign in with Steam
Match 38384380
Unlisted
Match 38384380
Overview
Messages
Build Orders
End
Royal Engineer Section
Construct Section Command Post
Infantry Section
ML 3-inch Mortar Team
Infantry Section
Infantry Section
Construct Platoon Command Post
6-pounder Anti-tank Gun Team
Selects Indian Artillery Battlegroup
Selects War Cry
Selects Gurkha Rifles Section
Construct Field Infirmary
Gurkha Rifles Section
Construct Company Command Post
Gurkha Rifles Section
Selects Volunteer Infantry
Crusader II Medium Tank
STALKER4732
kit.ohume
Devochkin
The101stAirBorne ITA
BamboneWertherone ITA
Capibimbambombolilalone ITA
0
0
Comments
sign in to comment!
No comments posted yet!